 Dungeon Crawl Stone Soup version 0.30.1-11-g7821555f0a (webtiles) character file.

Game seed: 3746043476578658691

211 KittyFluff the Cudgeller (level 5, -10/33 HPs)
             Began as a Gargoyle Berserker on Nov 24, 2023.
             Was a Believer of Trog.
             Mangled by Menkaure (15 damage)
             ... on level 4 of the Dungeon.
             The game lasted 00:12:04 (2883 turns).

KittyFluff the Cudgeller (Gargoyle Berserker)       Turns: 2883, Time: 00:12:04

Health: -10/33     AC: 11    Str: 23    XL:     5   Next: 88%
Magic:  5/5        EV: 10    Int:  7    God:    Trog [**....]
Gold:   259        SH:  6    Dex:  9    Spells: 4/4 levels left

rFire   . . .        a - +0 mace
rCold   . . .        k - +0 kite shield
rNeg    + . .        h - +0 leather armour
rPois   ∞            v - +0 helmet
rElec   +            (no cloak)
rCorr   .            c - +0 pair of gloves
SInv    .            j - +0 pair of boots
Will    +....        (no amulet)
Stlth   +            q - ring of willpower
HPRegen 0.25/turn    (no ring)
MPRegen 0.09/turn

%: no passive effects
@: no status effects
A: sickness immunity, AC +4, negative energy resistance 1, electricity
resistance, torment resistance 1, petrification resistance
a: Renounce Religion, Berserk, Trog's Hand


You were on level 4 of the Dungeon.
You worshipped Trog.
Trog was pleased with you.
You visited 1 branch of the dungeon, and saw 4 of its levels.

You collected 259 gold pieces.

Inventory:

Hand Weapons
 a - a +0 mace (weapon)
Missiles
 s - 2 poisoned darts (quivered)
Armour
 c - a +0 pair of gloves (worn)
 h - a +0 leather armour (worn)
 j - a +0 pair of boots (worn)
 k - a +0 kite shield (worn)
 m - a +0 scale mail
 n - the +5 robe of Misfortune {Harm *Corrode *Slow EV+5}
   (You found it on level 3 of the Dungeon)

   EV:        It affects your evasion (+5).
   *Corrode:  It may corrode you when you take damage.
   *Slow:     It may slow you when you take damage.
   Harm:      It increases damage dealt and taken.
 v - a +0 helmet (worn)
Jewellery
 q - a ring of willpower (left hand)
Wands
 l - a wand of polymorph (3)
 t - a wand of flame (14)
Scrolls
 d - 2 scrolls of teleportation {unknown}
 e - a scroll of torment {unknown}
 g - a scroll of amnesia {unknown}
 i - 3 scrolls of identify {unknown}
 o - 2 scrolls of vulnerability {unknown}
 r - a scroll of magic mapping {unknown}
 u - a scroll of enchant armour {unknown}
Potions
 b - a potion of lignification {unknown}
 f - a potion of mutation {unknown}
 p - a potion of degeneration {unknown}


   Skills:
 + Level 3.9 Fighting
 * Level 4.1 Maces & Flails
 * Level 3.8 Armour
 + Level 2.2 Dodging
 + Level 2.0 Stealth
 + Level 1.1 Shields


You had 4 spell levels left.
You didn't know any spells.
Your spell library was empty.

Dungeon Overview and Level Annotations

Branches:
Dungeon (4/15)
 Temple: D:4-7

Altars:
Sif Muna

Annotations:
D:4 Menkaure


Innate Abilities, Weirdness & Mutations

You are immune to sickness and miasma.
Your stone body is resilient. (AC +4)
You are immune to poison.
You resist negative energy. (rN+)
You are resistant to electric shocks. (rElec)
You are resistant to unholy torment.
You are immune to petrification.


Message History

You closely miss the quokka. You block the quokka's attack.
The quokka bites you but does no damage.
You hit the quokka but do no damage. You block the quokka's attack.
You closely miss the quokka. The quokka bites you.
The quokka closely misses you.
You sock the quokka!
You kill the quokka!
Trog accepts your kill.
Menkaure, Prince of Dust comes into view.
Menkaure shouts!
Menkaure mumbles, "Let me perform the rites..."
You see here a quokka corpse.
Found an escape hatch in the floor.
A quokka comes into view.
You sock the quokka!
You kill the quokka!
Trog accepts your kill.
You barely miss Menkaure.
Menkaure gestures wildly while chanting.
Menkaure seems to speed up.
You sock Menkaure!
Menkaure is moderately damaged.
Menkaure hits you. Menkaure hits you but does no damage.
You hit Menkaure.
Menkaure is moderately damaged.
Menkaure hits you!
Menkaure gestures at you while chanting.
Pain shoots through your body!
You hit Menkaure.
Menkaure is heavily damaged.
Menkaure barely misses you.
You hit Menkaure.
Menkaure is heavily damaged.
Menkaure hits you!
* * * LOW HITPOINT WARNING * * *
Menkaure hits you but does no damage.
You hit Menkaure but do no damage.
Menkaure is heavily damaged.
Menkaure hits you!
You die...

#..
............P♣♣.♣..8.P♣
.........#.♣P.♣P.....
###.......P♣♣♣♣♣♣..♣♣♣
#(...#..#♣.♣...♣P..♣
..#...#.#♣...†...♣P..
#.>....§♣♣.♣..P.P♣
#r...§§§♣♣..♣♣.P♣. #
#M#..##.♣♣♣...♣.♣♣
#..###@#§....♣ ..♣.P.♣
#....#....♣.....♣.♣.
#...##....#.♣♣♣#M♣♣.♣♣♣
#..#...#...... +#. . #.
#.###....♣## .. #.
#...♣♣ #. . ..♣ . .. .♣
.. .♣


You could see Menkaure (fast) and a quokka.

Vanquished Creatures
  A jelly (D:3)
  Terence (D:3)
  A sleepcap (D:3)
  Ijyb (D:3)
  3 adders (D:2)
  2 dart slugs (D:2)
  2 orcs (D:3)
  8 endoplasms
  5 giant cockroaches
  7 goblins
  6 hobgoblins
  5 kobolds
  7 quokkas
  5 ball pythons
  7 bats
  2 frilled lizards (D:1)
  7 rats
70 creatures vanquished.

Notes
Turn   | Place    | Note
-------+----------+-------------------------------------------
     0 | D:1      | KittyFluff the Gargoyle Berserker began the quest for the
                  | Orb.
     0 | D:1      | Reached XP level 1. HP: 14/14 MP: 1/1
   146 | D:1      | Reached XP level 2. HP: 18/19 MP: 2/2
   797 | D:1      | Reached ** piety under Trog
   798 | D:1      | Reached XP level 3. HP: 23/23 MP: 3/3
   809 | D:1      | Reached skill level 1 in Stealth
  1212 | D:2      | Found a faded altar of an unknown god.
  1319 | D:2      | Reached XP level 4. HP: 28/28 MP: 4/4
  1794 | D:3      | Reached XP level 5. HP: 30/33 MP: 5/5
  1905 | D:3      | Noticed Terence
  1922 | D:3      | Killed Terence
  1923 | D:3      | Reached skill level 4 in Maces & Flails
  1923 | D:3      | Reached skill level 1 in Shields
  2009 | D:3      | Found the +5 robe of Misfortune {Harm *Corrode *Slow EV+5}
  2029 | D:3      | Found a shimmering blue altar of Sif Muna.
  2574 | D:3      | Noticed Ijyb
  2585 | D:3      | Killed Ijyb
  2859 | D:4      | Noticed Menkaure
  2883 | D:4      | Mangled by Menkaure

Illustrated notes

Levels and vault maps discovered:
D:1:      mushboom_english_gardens, layout_basic
D:2:      layout_basic, hellmonk_ecumenical_altar_inner_sanctum,
          minmay_statues_item, kennysheep_generic_room_5
D:3:      layout_basic, lemuel_blue_sif_altar, uniq_terence, uniq_ijyb
D:4:      wad_woods_tower, layout_rooms, lemuel_mausoleum_altar_yredelemnul,
          serial_shops, shop, uniq_menkaure, uniq_blork_the_orc

Skill      XL: |  1  2  3  4  5 |
---------------+----------------+-----
Stealth        | 1 2 |  2.0
Armour         | 3 |  3.8
Dodging        | 2 |  2.2
Maces & Flails | 4 |  4.1
Shields        | 1 |  1.1
Fighting       | |  3.9

Action                     |  1- 3 |  4- 6 || total
---------------------------+-------+-------++-------
  Melee: Mace              |    99 |   123 ||   222
         Unarmed           |       |     5 ||     5
   Stab: Sleeping          |     3 |     3 ||     6
         Distracted        |       |     1 ||     1
         Confused          |       |     1 ||     1
 Armour: Animal skin       |    16 |       ||    16
         Leather armour    |    31 |    46 ||    77
  Dodge: Dodged            |    56 |    69 ||   125
  Block: Kite shield       |       |    31 ||    31
